 Dungeon Crawl Stone Soup version 0.14.0-2-gd2dacb9 (webtiles) character file.

378 testatest the Chopper (level 6, -18/35 HPs)
             Began as a Vine Stalker Chaos Knight on Apr 11, 2014.
             Was a Plaything of Xom.
             Killed from afar by an ogre (32 damage)
             ... with an exploding inner flame
             ... hexed by Xom
             ... on Level 4 of the Dungeon.
             The game lasted 00:16:30 (1995 turns).

testatest the Chopper (Vine Stalker Chaos Knight)   Turns: 1995, Time: 00:16:30

HP -18/35        AC  5     Str 14      XL: 6   Next: 20%
MP   0/11        EV 12     Int 11 (12) God: Xom
Gold 112         SH  0     Dex 16      Spells:  0 memorised,  8 levels left

rFire  . . .     SeeInvis .     a - +0,+1 hand axe (chaos)
rCold  . . .     Clarity  .     b - +2 leather armour
rNeg   . . .     Conserve +     (no shield)
rPois  .         rCorr    .     (helmet restricted)
rElec  .         rRot     +     (no cloak)
SustAb . .       Spirit   +     (no gloves)
rMut   .         Warding  .     (no boots)
Saprov . . .     Stasis   .     r - amulet of conservation
MR     .....                    (no ring)
                                m - ring of flight

@: not resistant to hostile enchantments, unstealthy
A: antennae 2, fangs 2, hooves 1, carnivore 1, deterioration 1, regeneration 2,
robust 1, screaming 1, magic shield, antimagic bite, no device heal
a: Renounce Religion, Evoke Flight


You were on level 4 of the Dungeon.
You worshipped Xom.
You were Xom's teddy bear.
You were full.

You visited 1 branch of the dungeon, and saw 4 of its levels.

You collected 112 gold pieces.

Inventory:

Hand weapons
 a - a +0,+1 hand axe of chaos (weapon)
 e - a cursed +0,+0 dagger
 i - a +0,+1 short sword of draining
Armour
 b - a +2 leather armour (worn)
 v - a +0 leather armour
 y - a +0 scale mail
Magical devices
 d - a wand of fire (2)
 n - a wand of slowing (10)
Comestibles
 c - 3 bread rations
 h - a chunk of hound flesh
 z - a pear
Scrolls
 f - a scroll of fog {unknown}
 l - a scroll of identify
Jewellery
 m - a ring of flight (left hand)
 r - an amulet of conservation (around neck)
Potions
 o - a potion of heal wounds
Books
 x - a book of Hinderance

   Spells                             Type                      Level
   Confusing Touch                    Hexes                        1
   Confuse                            Hexes                        3
   Petrify                            Transmutation/Earth          4
   Leda's Liquefaction                Hexes/Earth                  4
   Metabolic Englaciation             Hexes/Ice                    5
   Summon Mana Viper                  Hexes/Summoning              5


   Skills:
 * Level 3.3 Fighting
 * Level 3.6 Axes
 * Level 2.7 Armour
 * Level 2.3 Dodging
 + Level 1.8 Stealth
 + Level 1.7 Spellcasting


You had 8 spell levels left.
You didn't know any spells.

Dungeon Overview and Level Annotations

Branches:
Dungeon (4/15)
 Temple: D:4-7

Altars:
Sif Muna

Shops:
D:4 }

Annotations:
D:2 Sigmund
D:3 exclusion: inept feature mimic
D:4 Pikel


Innate Abilities, Weirdness & Mutations

You are immune to rotting.
You have extremely sharp teeth.
You heal very quickly.
When hurt, damage is shared between your health and your magic reserves.
Your bite disrupts and absorbs the magic of your enemies.
Potions and wands cannot restore your HP.
You have a pair of antennae on your head.
You have large cloven feet.
Your digestive system is specialised to digest meat.
Your body is slowly deteriorating.
You are robust (+10% HP).
You occasionally shout uncontrollably.


Message History

The ogre is moderately wounded.
d - a wand of fire {zapped: 1} You hit the ogre.
The ogre seems to speed up.
You kick the ogre. Your bite misses the ogre.
The ogre is severely wounded.
The ogre barely misses you.
You hit the ogre but do no damage. You kick the ogre.
Your bite misses the ogre.
The ogre is severely wounded.
The ogre closely misses you. The ogre hits you with a giant club!
You closely miss the ogre. You kick the ogre. You bite the ogre.
You drain its power.
You feel invigorated.
The ogre is almost dead.
The ogre hits you with a giant club!
You hit the ogre. You kick the ogre.
The ogre explodes!
The fiery explosion engulfs you!
Ouch! That really hurt!
You die...
Xom thinks this is hilarious!

*,...,,,,,,,,* *,
#.......,,,,,* *,
#........,,,,* *,
#.........,,,* *,
#..........,,* **
#..........,,*
#..........,,*******
#...§§......,,,,,,,,
#..@§§......,*******
###§########**
#........##
########..#
###########'##
#............#######
#............'.##...
#...........>#[.#...
#............##.#...


There were no monsters in sight!

Vanquished Creatures
  A steam dragon (D:4)
  Menkaure (D:4)
  Ijyb (D:2)
  Terence (D:3)
  A hound (D:4)
  6 adders
  A worm (D:3)
  A ball python (D:4)
  3 bats
  A giant cockroach (D:4)
  5 goblins
  5 hobgoblins
  6 jackals
  A jackal (shapeshifter) (D:3)
  4 quokkas
  2 giant geckos
  A giant newt (D:2)
  5 kobolds
  6 rats
52 creatures vanquished.

Vanquished Creatures (collateral kills)
  A jackal (D:4)
1 creature vanquished.

Grand Total: 53 creatures vanquished

Notes
Turn   | Place    | Note
--------------------------------------------------------------
     0 | D:1      | testatest, the Vine Stalker Chaos Knight, began the quest for the Orb.
     0 | D:1      | Reached XP level 1. HP: 11/11 MP: 1/1
    81 | D:1      | XOM: harmless Chrm miscast
   472 | D:1      | Reached skill level 1 in Dodging
   510 | D:1      | Reached XP level 2. HP: 16/16 MP: 3/3
   718 | D:1      | XOM: divination: detect creatures
   823 | D:2      | Reached XP level 3. HP: 9/19 MP: 4/4
   839 | D:2      | Reached skill level 3 in Axes
   854 | D:2      | XOM: silly message
   870 | D:2      | Noticed Ijyb
  1023 | D:2      | Found a deep blue altar of Sif Muna.
  1037 | D:2      | Reached skill level 1 in Stealth
  1048 | D:2      | Killed Ijyb
  1048 | D:2      | Reached skill level 1 in Spellcasting
  1048 | D:2      | Reached XP level 4. HP: 20/23 MP: 4/6
  1095 | D:2      | Noticed Sigmund
  1172 | D:3      | Noticed Terence
  1183 | D:3      | Killed Terence
  1273 | D:3      | Gained mutation: Your body is slowly deteriorating. [potion of mutation]
  1273 | D:3      | Gained mutation: You have a pair of small antennae on your head. [potion of mutation]
  1273 | D:3      | Gained mutation: You have large cloven feet. [potion of mutation]
  1274 | D:3      | Gained mutation: You occasionally shout uncontrollably. [potion of mutation]
  1274 | D:3      | Gained mutation: Your digestive system is specialised to digest meat. [potion of mutation]
  1274 | D:3      | Gained mutation: You have a pair of antennae on your head. [potion of mutation]
  1278 | D:3      | Gained mutation: You are robust (+10% HP). [potion of beneficial mutation]
  1356 | D:3      | XOM: silly message
  1686 | D:3      | Noticed an ogre
  1687 | D:3      | Noticed a fire bat
  1687 | D:3      | an ogre changed into a fire bat
  1687 | D:3      | XOM: polymorph ogre -> fire bat
  1691 | D:3      | XOM: potion effect (haste)
  1748 | D:4      | Reached XP level 5. HP: 30/30 MP: 9/9
  1770 | D:4      | Found Ekhlayz's Gadget Shoppe.
  1771 | D:4      | Noticed Menkaure
  1776 | D:4      | XOM: summons friendly iron imp
  1778 | D:4      | Killed Menkaure
  1778 | D:4      | Gained mutation: You heal very quickly. [vine stalker growth]
  1778 | D:4      | Reached XP level 6. HP: 35/35 MP: 11/11
  1896 | D:4      | Noticed a slave
  1896 | D:4      | Noticed a slave
  1897 | D:4      | Noticed Pikel
  1907 | D:4      | XOM: confuse monster(s)
  1918 | D:4      | Noticed a slave
  1967 | D:4      | Noticed a steam dragon
  1967 | D:4      | a slave changed into a steam dragon
  1969 | D:4      | XOM: swap monsters
  1974 | D:4      | Killed a steam dragon
  1987 | D:4      | Noticed an ogre
  1989 | D:4      | XOM: inner flame monster(s)
  1995 | D:4      | Killed an ogre
  1995 | D:4      | Killed from afar by an ogre

Action                   |  1- 3 |  4- 6 || total
-------------------------+-------+-------++-------
Melee: Hand axe          |    76 |    87 ||   163
Evoke: Wand              |       |     4 ||     4
  Use: Potion            |       |     7 ||     7
       Scroll            |       |     6 ||     6
 Stab: Petrifying        |     1 |     1 ||     2
       Sleeping          |     1 |       ||     1
       Paralysed         |       |     3 ||     3
       Confused          |       |     3 ||     3
